 Dungeon Sprint DCSS version 0.19.1 (webtiles) character file.

7285 equalderp2856 the Eviscerator (level 10, -2/44 HPs)
             Began as a Felid Fighter on Dec 2, 2016.
             Was a High Priest of Hepliaklqana.
             Killed from afar by Azrael (9 damage)
             ... with a fireball
             ... in the Dungeon (Sprint IX: "|||||||||||||||||||||||||||||").
             The game lasted 00:18:02 (8959 turns).

equalderp2856 the Eviscerator (Felid Fighter)       Turns: 8959, Time: 00:18:02

Health: -2/44      AC:  2    Str: 16    XL:     10   Next: 89%
Magic:  11/11      EV: 34    Int: 11    God:    Hepliaklqana [*****.]
Gold:   1934       SH:  0    Dex: 17    Spells: 0 memorised, 9 levels left
                                        Lives:  0   Deaths: 3

rFire  . . .     SeeInvis +       - Unarmed
rCold  . . .     Gourm    .     (armour unavailable)
rNeg   . . .     Faith    .     (shield unavailable)
rPois  .         Spirit   .     (helmet unavailable)
rElec  .         Reflect  .     (cloak unavailable)
rCorr  .         Harm     .     (gloves unavailable)
MR     +....     NoTele   +     (boots unavailable)
Stlth  +++.......               (no amulet)
                                n - +2 ring of evasion
                                m - +3 ring of strength

@: liquid flames, glowing, quick
A: no armour, no weapons or thrown items, stealth, reduced essence, claws 1,
fangs 3, see invisible, carnivore 3, speed 1, shaggy fur 2, slow metabolism 1,
sharp paws
a: Recall Ancestor, Ancestor Identity, Transference, Idealise, Renounce Religion


You were in the Dungeon.
You worshipped Hepliaklqana.
Hepliaklqana was extremely pleased with you.
You were not hungry.

You visited 1 branch You collected 1934 gold pieces.

Inventory:

Jewellery
 m - a +3 ring of strength (left paw)
 n - a +2 ring of evasion (right paw)
 s - an uncursed ring of protection from magic
 t - an uncursed ring of protection from cold
 u - an uncursed ring of ice
Wands
 l - a wand of acid (6/15)
Scrolls
 h - 2 scrolls of blinking
 j - 3 scrolls of remove curse
 k - 2 scrolls of amnesia
 p - 2 scrolls of recharging
 q - a scroll of identify
 r - 5 scrolls of fog
 v - a scroll of fear
Potions
 a - 4 potions of might
 c - 5 potions of curing
 d - 2 potions of heal wounds
 e - a potion of haste
 f - 6 potions of magic
 g - 5 potions of berserk rage
 i - a potion of invisibility
 o - 2 potions of brilliance
Comestibles
 b - 11 meat rations


   Skills:
 + Level 9.3 Fighting
 + Level 16.4 Dodging
 + Level 15.5 Stealth
 + Level 22.2 Unarmed Combat
 + Level 1.3 Evocations


You had 9 spell levels left.
You didn't know any spells.

Dungeon Overview and Level Annotations

Branches:
Dungeon (1/1)

Altars:
Cheibriados
Dithmenos
Elyvilon
Fedhas
Gozag
Hepliaklqana
Kikubaaqudgha
Makhleb
Nemelex Xobeh
Okawaru
Qazlal
Ru
Sif Muna
Trog
Uskayaw
Vehumet
Xom
Yredelemnul
Zin
The Shining One
Beogh
Jiyva
Lugonu

Shops:
D [[%[

Annotations:
D Azrael


Innate Abilities, Weirdness & Mutations

You cannot wear armour.
You are incapable of wielding weapons or throwing items.
Your paws allow you to move quietly. (Stealth)
You have sharp claws.
You have razor-sharp teeth.
You have supernaturally acute eyesight. (SInv)
You are carnivorous and can eat meat at any time.
You cover ground quickly.
You are covered in thick fur. (AC +2)
You have a slow metabolism.
Your sharp claws are effective at attacking unaware monsters.
Your life essence is reduced. (-10% HP)


Message History

You scratch Azrael but do no damage. Your claw misses Azrael.
Your bite misses Azrael.
Azrael is moderately wounded.
You are covered in liquid flames!
You mangle Azrael!!
Azrael is heavily wounded.
You are covered in liquid flames!
Azrael hits you with a scimitar of flaming!
* * * LOW HITPOINT WARNING * * *
Azrael burns you!
* * * LOW HITPOINT WARNING * * *
You feel much better.
You are covered in liquid flames!
The hell hound breathes flames at you.
The blast of flame hits Azrael.
Azrael completely resists.
The blast of flame hits you!
* * * LOW HITPOINT WARNING * * *
Azrael gestures at you.
The fireball explodes!
The fireball engulfs you!
You die...

▓▓▓▓♣♣♣♣♣♣♣♣♣♣▓▓▓▓▓▓▓▓▓▓
..§EhhR@......R.........
▓▓▓▓▓▓▓▓▓▓▓▓▓▓▓▓▓▓▓▓▓▓▓▓▓▓▓▓▓
D..VCT.C..)')??.......[[[[[[[
▓▓▓▓▓▓▓▓▓▓▓▓▓▓▓▓▓▓▓▓▓▓▓▓▓▓▓▓▓▓▓▓▓
..)..)).................)....)...
▓▓▓▓▓▓▓▓▓▓▓▓▓▓▓▓▓▓▓▓▓▓▓▓▓▓▓▓▓▓▓▓▓
.....∩.∩.∩.∩...).(..)...(..)..')(
▓▓▓▓▓▓▓▓▓▓▓▓▓▓▓▓▓▓▓▓▓▓▓▓▓▓▓▓▓▓▓▓▓
.........R.......................


You could see the friendly Amenemopet the knight (wandering), Azrael, a fire
elemental and 2 hell hounds.

Vanquished Creatures
  Harold (D)
  A hydra (D)
  An orc high priest (D)
  A skeletal warrior (D)
  A hill giant (D)
  10 orc knights (D)
  2 lindwurms (D)
  An ugly thing (D)
  A manticore (D)
  Maurice (D)
  2 spiny frogs (D)
  An efreet (D)
  3 komodo dragons (D)
  A yaktaur (shapeshifter) (D)
  2 tyrant leeches (D)
  2 hippogriffs (D)
  A wraith (D)
  2 fire elementals (D)
  Eustachio (D)
  A mottled dragon (D)
  A hell hound (D)
  2 porcupines (D)
  4 water moccasins (D)
  10 orc warriors (D)
  A necrophage (D)
  A sky beast (D)
  A wolf (D)
  A centaur (D)
  A crocodile (D)
  A bullfrog (D)
  4 orc priests (D)
  A worker ant (D)
  4 orc wizards (D)
  A gnoll (D)
  An adder (D)
  A shadow imp (D)
  4 worms (D)
  11 orcs (D)
  A ball python (D)
  2 bat zombies (D)
  A giant cockroach (D)
  A bat (D)
  2 goblins (D)
93 creatures vanquished.

Vanquished Creatures (collateral kills)
  A hill giant (D)
  An orc knight (D)
  A black mamba (D)
  An orc warrior (D)
  A crocodile (D)
  A wight (D)
  A worker ant (D)
7 creatures vanquished.

Vanquished Creatures (others)
  27 knights (D)
  4 ancestors (D)
31 creatures vanquished.

Grand Total: 131 creatures vanquished

Notes
Turn   | Place    | Note
-------+----------+-------------------------------------------
     0 | D        | equalderp2856 the Felid Fighter began the quest for the Orb.
     0 | D        | Reached XP level 1. HP: 10/10 MP: 2/2
    19 | D        | Noticed a necrophage
    19 | D        | Noticed a worker ant
    21 | D        | Reached skill level 5 in Dodging
    21 | D        | Reached skill level 5 in Unarmed Combat
    21 | D        | Reached XP level 2. HP: 14/14 MP: 3/3
    23 | D        | Reached skill level 1 in Stealth
    23 | D        | Reached skill level 6 in Unarmed Combat
    23 | D        | Reached XP level 3. HP: 18/18 MP: 4/4
    32 | D        | Killed a necrophage
    32 | D        | Reached skill level 8 in Unarmed Combat
    32 | D        | Reached XP level 4. HP: 14/22 MP: 5/5
   190 | D        | Found a roughly hewn altar of Beogh.
   190 | D        | Found a snail-covered altar of Cheibriados.
   190 | D        | Found a shadowy altar of Dithmenos.
   190 | D        | Found a white marble altar of Elyvilon.
   190 | D        | Found a blossoming altar of Fedhas.
   190 | D        | Found an opulent altar of Gozag.
   191 | D        | Found a hazy altar of Hepliaklqana.
   192 | D        | Found a viscous altar of Jiyva.
   193 | D        | Found an ancient bone altar of Kikubaaqudgha.
   194 | D        | Found a corrupted altar of Lugonu.
   195 | D        | Found a burning altar of Makhleb.
   196 | D        | Found a sparkling altar of Nemelex Xobeh.
   197 | D        | Found an iron altar of Okawaru.
   198 | D        | Found a stormy altar of Qazlal.
   199 | D        | Found a sacrificial altar of Ru.
   201 | D        | Became a worshipper of Hepliaklqana the Forgotten
   203 | D        | Found a deep blue altar of Sif Muna.
   204 | D        | Found a bloodstained altar of Trog.
   205 | D        | Found a hide-covered altar of Uskayaw.
   206 | D        | Found a radiant altar of Vehumet.
   207 | D        | Found a shimmering altar of Xom.
   208 | D        | Found a basalt altar of Yredelemnul.
   209 | D        | Found a glowing silver altar of Zin.
   210 | D        | Found a glowing golden altar of the Shining One.
   237 | D        | Noticed a sky beast
   237 | D        | Noticed a centaur
   241 | D        | Reached skill level 5 in Fighting
   241 | D        | Reached XP level 5. HP: 23/23 MP: 6/6
   246 | D        | Killed a centaur
   246 | D        | Reached skill level 9 in Unarmed Combat
   254 | D        | Reached skill level 10 in Unarmed Combat
   459 | D        | Killed a sky beast
   459 | D        | Gained mutation: You are covered in thick fur. (AC +2) [Felid growth]
   459 | D        | Reached XP level 6. HP: 27/27 MP: 7/7
   469 | D        | Reached * piety under Hepliaklqana
   469 | D        | Noticed a wind drake
   469 | D        | Noticed a purple ugly thing
   469 | D        | Noticed a manticore
   471 | D        | Reached skill level 11 in Unarmed Combat
   473 | D        | Killed a manticore
   473 | D        | Reached skill level 10 in Dodging
   473 | D        | Reached skill level 12 in Unarmed Combat
   473 | D        | Reached XP level 7. HP: 6/32 MP: 8/8
   474 | D        | Noticed a salamander
   474 | D        | a wind drake changed into a salamander
   487 | D        | Killed a purple ugly thing
   487 | D        | Reached skill level 13 in Unarmed Combat
   487 | D        | Reached XP level 8. HP: 19/36 MP: 9/9
   555 | D        | Noticed a yaktaur
   564 | D        | Killed a yaktaur
   729 | D        | Reached ** piety under Hepliaklqana
   936 | D        | Noticed a four-headed hydra
   936 | D        | Noticed a komodo dragon
   937 | D        | Noticed a spiny frog
   947 | D        | Reached skill level 14 in Unarmed Combat
  1133 | D        | Remembered your ancestor Amenemopet as a knight
  1836 | D        | Killed a komodo dragon
  1921 | D        | Noticed a komodo dragon
  2311 | D        | Slain by a four-headed hydra
  2312 | D        | Reached XP level 7. HP: -2/32 MP: 8/8
  2318 | D        | Noticed Eustachio
  2332 | D        | Killed Eustachio
  2332 | D        | Reached skill level 10 in Stealth
  2332 | D        | Reached skill level 15 in Unarmed Combat
  2332 | D        | Reached XP level 8. HP: 32/36 MP: 9/9
  2370 | D        | Reached *** piety under Hepliaklqana
  2418 | D        | Noticed a tyrant leech
  2425 | D        | Noticed a tyrant leech
  3140 | D        | Killed a tyrant leech
  3415 | D        | Killed a tyrant leech
  3419 | D        | Noticed a lindwurm
  3620 | D        | Noticed a lindwurm
  3626 | D        | Killed a lindwurm
  3626 | D        | Reached skill level 16 in Unarmed Combat
  3634 | D        | Killed from afar by a lindwurm
  3635 | D        | Reached XP level 7. HP: -14/33 MP: 8/8
  3648 | D        | Noticed Maurice
  3652 | D        | Reached **** piety under Hepliaklqana
  3658 | D        | Noticed Harold
  3667 | D        | Killed Harold
  3667 | D        | Reached XP level 8. HP: 32/36 MP: 9/9
  3672 | D        | Killed Maurice
  3672 | D        | Reached skill level 17 in Unarmed Combat
  3672 | D        | Reached XP level 9. HP: 34/40 MP: 10/10
  3733 | D        | Found Zuzo's Antique Armour Shop.
  3733 | D        | Noticed an orc knight
  3733 | D        | Noticed an orc knight
  3733 | D        | Noticed an orc knight
  3733 | D        | Noticed an orc knight
  3734 | D        | Noticed an orc knight
  3790 | D        | Killed an orc knight
  3790 | D        | Reached skill level 1 in Evocations
  4045 | D        | Killed an orc knight
  4180 | D        | Killed an orc knight
  4414 | D        | Killed an orc knight
  4414 | D        | Reached skill level 18 in Unarmed Combat
  4468 | D        | Reached XP level 10. HP: 44/44 MP: 11/11
  4480 | D        | Found Udiviw's Antique Armour Boutique.
  4482 | D        | Noticed an orc knight
  4482 | D        | Found Ver Urie's Food Shop.
  4485 | D        | Noticed an orc knight
  4666 | D        | Killed an orc knight
  4843 | D        | Killed an orc knight
  4861 | D        | Killed an orc knight
  4861 | D        | Reached skill level 19 in Unarmed Combat
  4884 | D        | Found Liditet's Antique Armour Boutique.
  4887 | D        | Noticed an orc knight
  4889 | D        | Noticed an orc knight
  4903 | D        | Killed an orc knight
  5014 | D        | Killed an orc knight
  5191 | D        | Noticed an orc knight
  5210 | D        | Killed an orc knight
  5212 | D        | Reached skill level 15 in Dodging
  5452 | D        | Noticed an orc high priest
  5454 | D        | HP: 2/44 [orc warrior/glaive (27)]
  5660 | D        | Killed an orc high priest
  5660 | D        | Reached skill level 20 in Unarmed Combat
  5660 | D        | Reached XP level 11. HP: 18/47 MP: 12/12
  5923 | D        | Noticed an orc knight
  5936 | D        | Killed an orc knight
  6343 | D        | Killed a lindwurm
  6665 | D        | Reached skill level 21 in Unarmed Combat
  6798 | D        | Killed a four-headed hydra
  6798 | D        | Reached skill level 15 in Stealth
  8157 | D        | Noticed a skeletal warrior
  8157 | D        | Noticed a hill giant
  8165 | D        | Killed a hill giant
  8183 | D        | Killed a skeletal warrior
  8183 | D        | Reached skill level 22 in Unarmed Combat
  8482 | D        | Noticed a hill giant
  8483 | D        | Noticed a deep troll shaman
  8484 | D        | Noticed a vampire mage
  8485 | D        | Noticed a frost giant
  8486 | D        | Noticed an ice dragon
  8738 | D        | Killed a hill giant
  8908 | D        | Mangled by a deep troll shaman
  8909 | D        | Reached XP level 10. HP: -6/44 MP: 11/11
  8928 | D        | Reached ***** piety under Hepliaklqana
  8943 | D        | Noticed Azrael
  8958 | D        | HP: 2/44 [Azrael/scimitar of flaming (8)]
  8959 | D        | Killed from afar by Azrael

Skill      XL: |  1  2  3  4  5  6  7  8  9 10 11 |
---------------+----------------------------------+-----
Dodging        | 5 7 9 10 11 13 14 15 16 | 16.4
Unarmed Combat | 5 6 8 10 12 15 17 18 20 22 | 22.2
Stealth        | 1 2 3 4 6 11 9 12 14 15 | 15.5
Fighting       | 4 5 6 7 8 9 |  9.3
Evocations     | 1 |  1.3

Action                   |  1- 3 |  4- 6 |  7- 9 | 10-12 || total
-------------------------+-------+-------+-------+-------++-------
Melee: Unarmed           |    20 |    32 |   151 |   199 ||   402
       Punch             |     1 |     2 |    16 |    20 ||    39
       Bite              |     1 |     1 |    21 |    29 ||    52
Invok: Ancestor Identity |       |       |     3 |       ||     3
       Ancestor Life: Kn |       |       |     1 |       ||     1
       Recall Ancestor   |       |       |       |     1 ||     1
Evoke: Wand              |       |       |     1 |       ||     1
  Use: Potion            |       |       |     1 |     5 ||     6
 Stab: Sleeping          |     2 |     2 |     2 |     2 ||     8
       Distracted        |       |       |     1 |     3 ||     4
  Eat: Meat ration       |       |       |     1 |     1 ||     2
Armor: Skin              |     1 |       |       |     2 ||     3
Dodge: Dodged            |    18 |    17 |    89 |   120 ||   244
